 Dungeon Crawl Stone Soup version 0.19.1 (webtiles) character file.

359 syranez the Insei (level 6, -4/38 HPs)
             Began as an Octopode Transmuter on Nov 24, 2016.
             Slain by a phantom (6 damage)
             ... on level 4 of the Dungeon.
             The game lasted 00:09:27 (3497 turns).

syranez the Insei (Octopode Transmuter)             Turns: 3497, Time: 00:09:28

Health: -4/38      AC:  2    Str: 12    XL:     6   Next: 65%
Magic:  5/10       EV: 21    Int: 17    God:
Gold:   176        SH:  0    Dex: 17    Spells: 3 memorised, 4 levels left

rFire  . . .     SeeInvis .       - Unarmed
rCold  . . .     Gourm    .     (shield currently unavailable)
rNeg   . . .     Faith    .     (helmet currently unavailable)
rPois  x         Spirit   .     (no amulet)
rElec  .         Reflect  .     i - +2 ring of strength
rCorr  .         Harm     .     (no ring)
MR     .....                    (no ring)
Stlth  +++.......               (no ring)
                                (no ring)
                                (no ring)
                                (no ring)
                                (no ring)

@: spider-form (expiring), very slightly contaminated
A: almost no armour, stealthy swim, (amphibious), 8 rings, (constrict 8),
(camouflage 0), (gelatinous body 0)
a: End Transformation


You were on level 4 of the Dungeon.
You were not hungry.
You were a venomous arachnid creature.
You visited 1 branch of the dungeon, and saw 4 of its levels.

You collected 176 gold pieces.

Inventory:

Hand Weapons
 g - a +2 short sword of venom
 q - a +0 mace
Missiles
 a - 18 arrows
 h - 76 stones (quivered)
Jewellery
 i - a +2 ring of strength (left front leg)
Scrolls
 k - 2 scrolls of recharging {unknown}
 n - 3 scrolls of remove curse
 o - a scroll of teleportation {unknown}
Potions
 d - a potion of mutation {unknown}
 e - a potion of invisibility {unknown}
 f - a potion of cancellation
 m - 2 potions of degeneration {unknown}
 p - a potion of magic {unknown}
 r - a potion of ambrosia {unknown}
Books
 b - a book of Changes

   Spells                             Type                      Level
   a - Beastly Appendage              Transmutation                1
   b - Sticks to Snakes               Transmutation                2
   c - Spider Form                    Transmutation/Poison         3
   d - Ice Form                       Ice/Transmutation            4
   e - Blade Hands                    Transmutation                5
Comestibles
 c - 2 bread rations
 j - a slice of pizza
 l - 4 meat rations
 s - 3 chunks of flesh


   Skills:
 + Level 1.6 Fighting
 + Level 3.3 Dodging
 + Level 3.9 Stealth
 + Level 5.1 Unarmed Combat
 + Level 2.6 Spellcasting
 + Level 2.4 Transmutations
 + Level 0.5 Poison Magic


You had 4 spell levels left.
You knew the following spells:

 Your Spells              Type           Power        Failure   Level  Hunger
a - Beastly Appendage     Tmut           ##....       24%         1    #......
b - Sticks to Snakes      Tmut           ##......     28%         2    ##.....
c - Spider Form           Tmut/Pois      #.........   52%         3    ###....


Dungeon Overview and Level Annotations

Branches:
Dungeon (4/15)
 Temple: D:4-7

Altars:
Dithmenos
Fedhas
Hepliaklqana
Qazlal
Trog

Annotations:
D:4 dscm's ghost, amateur GrFi


Innate Abilities, Weirdness & Mutations

You cannot wear most types of armour.
You are very stealthy in the water. (Stealth+)
((You are amphibious.))
You can wear up to eight rings at the same time.
((You can use your tentacles to constrict eight enemies at once.))
((Your skin changes colour to match your surroundings (Stealth+).))
((Your rubbery body absorbs attacks. (AC +1, EV +1)))


Message History

You hit the phantom but do no damage.
The phantom is heavily damaged.
The phantom misses you.
Your ball python bites the phantom but does no damage.
You closely miss the phantom.
The phantom is heavily damaged.
Your ball python closely misses the phantom.
The phantom hits you.
* * * LOW HITPOINT WARNING * * *
The phantom blinks!
Your ball python misses the phantom.
You hit the phantom.
The phantom is heavily damaged.
The phantom completely misses you.
Your ball python closely misses the phantom.
You hit the phantom.
The phantom is heavily damaged.
Your ball python closely misses the phantom.
The phantom hits you.
You die...

........#
#...........#
..8...8.#
#...........#
.<.....# ##
#...........#
#...8.....
.####...........#
+.....!...
..'..............#
#.........
..#......#########
#.........
#......#
#.........
#..SW..#
###..####+
#..s...# #.#
#......# #......#
###....# #....#
######


You could see a phantom and a friendly ball python.

Vanquished Creatures
  2 ogres (D:3)
  A scorpion (D:4)
  A hound (D:4)
  5 adders
  An ooze (D:2)
  2 dart slugs
  2 leopard geckos (D:2)
  9 orcs
  6 bats
  4 giant cockroaches
  6 goblins
  2 hobgoblins
  7 kobolds
  A frilled lizard (D:2)
  9 rats
58 creatures vanquished.

Notes
Turn   | Place    | Note
-------+----------+-------------------------------------------
     0 | D:1      | syranez the Octopode Transmuter began the quest for the Orb.
     0 | D:1      | Reached XP level 1. HP: 13/13 MP: 3/3
   790 | D:1      | Reached XP level 2. HP: 17/18 MP: 5/5
   806 | D:1      | Learned a level 2 spell: Sticks to Snakes
   879 | D:2      | Found a hazy altar of Hepliaklqana.
  1149 | D:2      | Reached XP level 3. HP: 21/23 MP: 6/6
  1346 | D:2      | Found a shadowy altar of Dithmenos.
  1407 | D:2      | Reached skill level 4 in Unarmed Combat
  1407 | D:2      | Reached XP level 4. HP: 28/28 MP: 7/7
  1533 | D:2      | Reached skill level 1 in Stealth
  1945 | D:3      | Found a bloodstained altar of Trog.
  1946 | D:3      | Found a stormy altar of Qazlal.
  2028 | D:3      | Found a blossoming altar of Fedhas.
  2091 | D:3      | Learned a level 3 spell: Spider Form
  2731 | D:4      | Noticed an ogre
  2747 | D:4      | Noticed an ogre
  2752 | D:4      | Noticed a phantom
  2762 | D:3      | Killed an ogre
  2762 | D:3      | Reached XP level 5. HP: 11/33 MP: 5/8
  3035 | D:4      | Noticed dscm's ghost (amateur GrFi)
  3326 | D:3      | Killed an ogre
  3326 | D:3      | Reached XP level 6. HP: 27/38 MP: 7/9
  3350 | D:4      | Reached skill level 5 in Unarmed Combat
  3497 | D:4      | Slain by a phantom

Skill      XL: |  1  2  3  4  5  6 |
---------------+-------------------+-----
Unarmed Combat | 4 5 |  5.1
Stealth        | 3 |  3.9
Dodging        | 3 |  3.3
Fighting       | |  1.6
Spellcasting   | |  2.6
Transmutations | |  2.4
Poison Magic   | |  0.5

Action                   |  1- 3 |  4- 6 || total
-------------------------+-------+-------++-------
Melee: Unarmed           |    62 |   108 ||   170
       Constrict         |    17 |    24 ||    41
       Tentacles         |    13 |     9 ||    22
       Kick              |     1 |     7 ||     8
       Punch             |     2 |     1 ||     3
Throw: Stone             |     1 |       ||     1
 Cast: Beastly Appendage |     2 |     3 ||     5
       Sticks to Snakes  |     1 |     3 ||     4
       Spider Form       |       |     3 ||     3
  Use: Scroll            |     4 |       ||     4
 Stab: Sleeping          |     5 |     6 ||    11
  Eat: Chunk             |     2 |     3 ||     5
       Meat ration       |       |     1 ||     1
Armor: Skin              |     6 |     7 ||    13
Dodge: Dodged            |    40 |    72 ||   112
